 Dungeon Crawl Stone Soup version 0.28-a0-1613-gdaab1c2f9b (webtiles) character file.

Game seed: 1337935985979524887

92 vineage the Skirmisher (level 4, 0/30 HPs)
             Began as a Gargoyle Fighter on Jan 21, 2022.
             Slain by Sigmund (5 damage)
             ... on level 2 of the Dungeon.
             The game lasted 00:01:43 (2136 turns).

vineage the Skirmisher (Gargoyle Fighter)           Turns: 2136, Time: 00:01:44

Health: 0/30       AC: 16    Str: 20    XL:     4   Next: 60%
Magic:  4/4        EV:  9    Int:  8    God:
Gold:   140        SH:  4    Dex: 11    Spells: 3/3 levels left

rFire   . . .      SeeInvis .   a - +0 flail
rCold   . . .      Faith    .   c - +0 buckler
rNeg    + . .      Spirit   .   b - +0 scale mail
rPois   ∞          Reflect  .   (no helmet)
rElec   +          Harm     .   (no cloak)
rCorr   .          Rampage  .   (no gloves)
Will    .....                   j - +1 pair of boots
Stlth   ..........              (no amulet)
HPRegen 0.10/turn               i - +4 ring of protection
MPRegen 0.09/turn               (no ring)

@: mighty
A: sickness immunity, AC +3, negative energy resistance 1, electricity
resistance, torment resistance 1, petrification resistance
a: no special abilities


You were on level 2 of the Dungeon.
You visited 1 branch of the dungeon, and saw 2 of its levels.

You collected 140 gold pieces.

Inventory:

Hand Weapons
 a - a +0 flail (weapon)
Armour
 b - a +0 scale mail (worn)
 c - a +0 buckler (worn)
 j - a +1 pair of boots (worn)
Jewellery
 i - a +4 ring of protection (left hand)
Scrolls
 f - a scroll of teleportation
 g - 2 scrolls of amnesia {unknown}
Potions
 e - a potion of attraction {unknown}
 h - a potion of berserk rage {unknown}
 k - a potion of magic {unknown}
 l - a potion of flight {unknown}


   Skills:
 * Level 4.4 Fighting
 + Level 2.7 Maces & Flails
 + Level 3.8 Armour
 + Level 3.9 Shields


You had 3 spell levels left.
You didn't know any spells.
Your spell library contained the following spells:

 Spells                   Type           Power      Damage    Failure   Level
 Sandblast                Erth           0%         2d4       85%         1
 Passwall                 Tmut/Erth      0%         N/A       94%         2
 Scorch                   Fire           0%         2d5       94%         2
 Stone Arrow              Conj/Erth      0%         3d7       99%         3
 Tukima's Dance           Hex            0%         N/A       99%         3
 Flame Wave               Conj/Fire      0%         2d4       100%        4
 Passage of Golubria      Tloc           0%         N/A       100%        4
 Yara's Violent Unravell  Hex/Tmut       0%         3d3       100%        5
 Summon Cactus Giant      Summ           0%         N/A       100%        6


Dungeon Overview and Level Annotations

Branches:
Dungeon (2/15)

Altars:

Annotations:
D:2 Sigmund


Innate Abilities, Weirdness & Mutations

You are immune to sickness and miasma.
Your stone body is resilient. (AC +3)
You are immune to poison.
You resist negative energy. (rN+)
You are resistant to electric shocks. (rElec)
You are resistant to unholy torment.
You are immune to petrification.


Message History

You closely miss Sigmund.
Sigmund is severely wounded.
Sigmund points at you and mumbles some strange words.
You are confused.
You bump into the rock wall.
Sigmund hits you but does no damage.
You barely miss Sigmund.
Sigmund is severely wounded.
Sigmund hits you with a +1 vorpal scythe.
* * * LOW HITPOINT WARNING * * *
x2 You barely miss Sigmund.
Sigmund is severely wounded.
You sock Sigmund!
Sigmund is almost dead.
Sigmund hits you but does no damage.
You bump into the rock wall.
Sigmund closely misses you.
You bump into the rock wall.
You feel less confused.
Sigmund hits you with a +1 vorpal scythe.
* * * LOW HITPOINT WARNING * * *
x2 You closely miss Sigmund.
Sigmund is almost dead.
Sigmund hits you but does no damage.
You barely miss Sigmund.
Sigmund is almost dead.
You closely miss Sigmund.
Sigmund is almost dead.
You block Sigmund's attack.
You barely miss Sigmund.
Sigmund is almost dead.
Sigmund hits you but does no damage.
You barely miss Sigmund.
Sigmund is almost dead.
Sigmund barely misses you.
You completely miss Sigmund.
Sigmund is almost dead.
Sigmund barely misses you.
You completely miss Sigmund.
Sigmund is almost dead.
Sigmund hits you with a +1 vorpal scythe.
You die...

.#...###.#.#
.#......<..#
.#..########
.#..........
.##.########
............
.##.##############
.#...............#
##..############@#
#..# #.......##@#
##..# #.#####.##.#
....# #.# #.##..
###.###.# #.####
........# #.#
.##.#########.#
.##...........#
.##.###########


You could see Sigmund.

Vanquished Creatures
  Terence (D:2)
  An adder (D:2)
  2 dart slugs (D:1)
  3 endoplasms
  4 giant cockroaches
  4 goblins
  6 hobgoblins
  3 kobolds
  3 quokkas
  3 ball pythons
  A bat (D:1)
  2 frilled lizards (D:1)
  19 rats
52 creatures vanquished.

Vanquished Creatures (others)
  2 fungi (D:1)
  A plant (D:1)
3 creatures vanquished.

Grand Total: 55 creatures vanquished

Notes
Turn   | Place    | Note
-------+----------+-------------------------------------------
     0 | D:1      | vineage the Gargoyle Fighter began the quest for the Orb.
     0 | D:1      | Reached XP level 1. HP: 14/14 MP: 1/1
   446 | D:1      | Reached XP level 2. HP: 19/19 MP: 2/2
   874 | D:1      | Found a faded altar of an unknown god.
   897 | D:1      | Reached XP level 3. HP: 24/24 MP: 3/3
  1199 | D:2      | Reached skill level 4 in Fighting
  1567 | D:2      | Noticed Terence
  1609 | D:2      | Reached XP level 4. HP: 14/29 MP: 4/4
  1617 | D:2      | Killed Terence
  2112 | D:2      | Noticed Sigmund
  2136 | D:2      | Slain by Sigmund

Illustrated notes

Levels and vault maps discovered:
D:1:      lemuel_arrival_tunnels, layout_loops_ring,
          shapermc_ecumenical_altar_mp_ritualfount, minmay_pentomino_z2
D:2:      layout_basic, minmay_rat_hole, uniq_sigmund, uniq_terence

Skill      XL: |  1  2  3 |
---------------+----------+-----
Fighting       | 4 |  4.4
Maces & Flails | |  2.7
Armour         | |  3.8
Shields        | |  3.9

Action                   |  1- 3 |  4- 6 || total
-------------------------+-------+-------++-------
Melee: Flail             |   123 |    24 ||   147
  Use: Scroll            |     3 |       ||     3
       Potion            |       |     1 ||     1
Armor: Scale mail        |    59 |    11 ||    70
Dodge: Dodged            |    48 |     7 ||    55
Block: Buckler           |    33 |     4 ||    37

Table legend: (Time is in decaauts)
 A = Elapsed time spent in this place.
 B = Non-inter-level travel time spent in this place.
 C = Inter-level travel time spent in this place.
 D = Time resting spent in this place.
 E = Time spent auto-exploring this place.
 F = Levels seen in this place.
 G = Mean time per level.
                   A        B        C        D        E       F      G
               +--------+--------+--------+--------+--------+-----+--------+
         Total |   2182 |   2156 |     26 |      0 |   1771 |   2 | 1091.0 |
       Dungeon |   2182 |   2156 |     26 |      0 |   1771 |   2 | 1091.0 |
               +--------+--------+--------+--------+--------+-----+--------+

Top non-repeatable levels by time:
     D:1: 1147 daAuts
     D:2: 1035 daAuts
